Avalanche vs Oilers

Created - October 27, 2015 at 18:30

Goals
1 2 3 T
Avalanche 1 1 0 2
Oilers 2 0 2 4
Shots
1 2 3 T
Avalanche 10 12 8 30
Oilers 10 7 10 27

1st period

1. Oilers , Aleksander Barkov 2 (Scottie Upshall) at 5:46
2. Oilers , Tyler Bozak 3 (Marc-Edouard Vlasic, Justin Williams) at 6:49
3. Avalanche , Jakob Silfverberg 4 (Gustav Nyquist, Aaron Ekblad) at 12:30

Penalties :
Rickard Rakell (COL) for Holding (Minor) at 8:57, Tyson Barrie (COL) for Hooking (Minor) at 12:41

2nd period

4. Avalanche , Gustav Nyquist 4 (Kevin Shattenkirk, Jakob Silfverberg) at 13:39

Penalties :
Marc Methot (EDM) for Roughing (Double Minor) at 8:09, Alex Petrovic (EDM) for Hooking (Minor) at 19:46

3rd period

5. Oilers , Ryan Kesler 6 (Mikkel Boedker) at 3:40
6. Oilers , Marc-Edouard Vlasic 2 (Gabriel Landeskog, Brian Campbell) at 8:03 (PP)

Penalties :
Aaron Ekblad (COL) for High sticking (Minor) at 7:40, Gabriel Landeskog (EDM) for Roughing (Minor) at 19:13

Goalie Stats

Antti Raanta (COL), 23 saves from 27 shots - (0.852), L, 2-4-0, 60:00 minutes
Kari Lehtonen (EDM), 28 saves from 30 shots - (0.933), W, 5-3-1, 60:00 minutes

Players Stats for Avalanche

Player Name              G  A  P  +/- PIM S  H  SB GA TA FO     MP     PP MP  PK MP  
------------------------------------------------------------------------------------
Aaron Ekblad             0  1  1   1  2   1  2  0  0  0  0/0    24:24   4:18   2:05 
Brayden McNabb           0  0  0   0  0   1  1  1  0  0  0/0    17:15   0:00   1:01 
Chris Tierney            0  0  0  -1  0   2  0  0  0  0  6/9     9:38   0:00   2:56 
Derek Stepan             0  0  0   0  0   1  0  0  0  0  10/22  20:05   3:56   0:17 
Elias Lindholm           0  0  0  -1  0   0  1  0  0  0  1/2     7:21   0:00   0:39 
Gustav Nyquist           1  1  2   1  0   8  0  0  0  0  0/0    16:58   2:48   0:00 
Jakob Silfverberg        1  1  2   1  0   3  1  0  0  0  2/2    15:35   0:00   1:25 
Jason Zucker             0  0  0   0  0   1  5  0  0  0  1/2    19:48   3:56   0:00 
Joffrey Lupul            0  0  0  -1  0   0  1  0  0  0  1/3    12:11   0:00   0:00 
Kevin Shattenkirk        0  1  1  -2  0   2  1  1  0  0  0/0    20:56   4:18   1:59 
Marcus Johansson         0  0  0   0  0   5  1  0  0  0  0/1    19:48   3:56   0:00 
Martin Erat              0  0  0  -1  0   0  0  0  0  0  0/0     6:42   0:00   0:00 
Mats Zuccarello          0  0  0  -1  0   2  3  0  0  0  0/0    17:46   2:48   2:47 
Nikita Nesterov          0  0  0  -1  0   0  2  0  0  0  0/0    13:08   0:00   0:00 
Rickard Rakell           0  0  0   1  2   1  0  0  0  0  15/33  17:35   2:48   0:38 
Riley Sheahan            0  0  0  -1  0   0  0  0  0  0  2/13   12:11   0:00   0:00 
Sami Vatanen             0  0  0   0  0   1  1  1  0  0  0/0    21:02   2:26   2:22 
Tyson Barrie             0  0  0   0  2   2  0  1  0  0  0/0    23:13   2:26   1:15 

Players Stats for Oilers

Player Name              G  A  P  +/- PIM S  H  SB GA TA FO     MP     PP MP  PK MP  
------------------------------------------------------------------------------------
Aleksander Barkov        1  0  1   0  0   2  0  0  0  0  9/14   12:27   0:49   0:00 
Alex Petrovic            0  0  0  -1  2   0  2  3  0  0  0/0    15:44   0:49   1:59 
Antoine Vermette         0  0  0   0  0   0  1  0  0  0  6/9    21:05   2:08   4:17 
Bo Horvat                0  0  0   0  0   1  0  0  0  0  2/6     6:03   0:00   0:00 
Brian Campbell           0  1  1   0  0   0  4  1  0  0  0/0    22:13   1:24   3:20 
Drew Miller              0  0  0   0  0   3  1  0  0  0  1/3    15:55   0:00   4:17 
Emerson Etem             0  0  0   0  0   0  0  0  0  0  0/0     6:52   0:49   0:00 
Gabriel Landeskog        0  1  1   1  2   4  1  0  0  0  0/1    17:57   1:24   0:00 
Justin Williams          0  1  1   0  0   2  0  1  0  0  2/2    16:48   2:08   0:00 
Kyle Quincey             0  0  0  -1  0   1  2  2  0  0  0/0    17:10   0:49   3:24 
Marc Methot              0  0  0   2  4   0  3  2  0  0  0/0    21:43   2:08   1:07 
Marc-Edouard Vlasic      1  1  2   0  0   4  2  2  0  0  0/0    24:03   1:24   3:38 
Marco Scandella          0  0  0   2  0   0  1  2  0  0  0/0    19:05   2:08   0:00 
Mikkel Boedker           0  1  1   1  0   1  0  0  0  0  0/0    20:25   1:24   2:27 
Nail Yakupov             0  0  0   0  0   1  0  1  0  0  0/0     6:52   0:49   0:00 
Ryan Kesler              1  0  1   1  0   2  3  0  0  0  12/20  17:58   1:24   0:00 
Scottie Upshall          0  1  1   0  0   0  3  0  0  0  0/1    11:38   0:00   0:00 
Tyler Bozak              1  0  1   0  0   6  0  0  0  0  17/31  19:15   2:08   2:27 

3 Stars

1 - Jakob Silfverberg (COL)
2 - Marc-Edouard Vlasic (EDM)
3 - Gustav Nyquist (COL)

Power Play

Avalanche - 0 on 4 Attempt(s) - 0.00%
Oilers - 1 on 3 Attempt(s) - 33.33%

Penalty Kill

Avalanche - 2 on 3 Attempt(s) - 66.67% - Score 0 goal in Penalty Kill
Oilers - 4 on 4 Attempt(s) - 100.00% - Score 0 goal in Penalty Kill

Team Stat

Avalanche - Hits : 19 - Faceoff Wins : 38 - Blocked Shots : 4 - Penalty Minutes : 6
Oilers - Hits : 23 - Faceoff Wins : 49 - Blocked Shots : 14 - Penalty Minutes : 8

Official

Referees : Brad Meier and Rob Martell
Linesman : Lonnie Cameron and Matt MacPherson

Game Notes

No Game Note

Finance

Level 1 -- Attendance: 6372 (98.03%) -- Ticket Income $497,016
Level 2 -- Attendance: 5000 (100.00%) -- Ticket Income $360,000
Level 3 -- Attendance: 2646 (75.60%) -- Ticket Income $171,990
Level 4 -- Attendance: 839 (100.00%) -- Ticket Income $53,696
Luxury Box -- Attendance: 982 (98.20%) -- Ticket Income $186,580
Game was played at the Rexall Place.
Total Attendance: 15839 (94.06%)
Total Ticket Income: $1,269,282
Other Income: $190,392
Total Income: $1,459,674

% Time on Ice - Avalanche

Lines # - Real PCT - Wanted PCT - Time Play
Normal Forward
1 - 32% - 32% - 15:52
2 - 29% - 28% - 14:10
3 - 25% - 25% - 12:11
4 - 14% - 15% - 6:42
Normal Defense
1 - 37% - 40% - 18:02
2 - 33% - 30% - 16:14
3 - 27% - 20% - 13:08
4 - 3% - 10% - 1:31
PP Forward
1 - 58% - 50% - 3:56
2 - 42% - 50% - 2:48
PP Defense
1 - 64% - 60% - 4:18
2 - 36% - 40% - 2:26
PK Forward
1 - 67% - 60% - 2:56
2 - 33% - 40% - 1:25
PK Defense
1 - 46% - 60% - 1:59
2 - 54% - 40% - 2:22
PK3 Forward
1 - 0% - 60%
2 - 0% - 40%
PK3 Defense
1 - 0% - 60%
2 - 0% - 40%
44 Forward
1 - 0% - 60%
2 - 0% - 40%
44 Defense
1 - 0% - 60%
2 - 0% - 40%
Last Minute Offensive  - 0:00
Last Minute Defensive  - 0:00
Total
Forward - 60:00
Defense - 60:00

% Time on Ice - Oilers

Lines # - Real PCT - Wanted PCT - Time Play
Normal Forward
1 - 34% - 35% - 16:34
2 - 30% - 30% - 14:40
3 - 24% - 25% - 11:38
4 - 12% - 10% - 6:03
Normal Defense
1 - 35% - 35% - 16:57
2 - 36% - 35% - 17:29
3 - 26% - 20% - 12:57
4 - 3% - 10% - 1:32
PP Forward
1 - 32% - 50% - 1:24
2 - 68% - 50% - 2:57
PP Defense
1 - 68% - 50% - 2:57
2 - 32% - 50% - 1:24
PK Forward
1 - 36% - 50% - 2:27
2 - 64% - 50% - 4:17
PK Defense
1 - 50% - 50% - 3:24
2 - 50% - 50% - 3:20
PK3 Forward
1 - 0% - 50%
2 - 0% - 50%
PK3 Defense
1 - 0% - 50%
2 - 0% - 50%
44 Forward
1 - 0% - 50%
2 - 0% - 50%
44 Defense
1 - 0% - 50%
2 - 0% - 50%
Last Minute Offensive  - 0:00
Last Minute Defensive  - 0:00
Total
Forward - 60:00
Defense - 60:00

Play by Play

1st period


0:01 of 1st period - Jason Zucker wins face-off versus Ryan Kesler in neutral zone.
0:26 of 1st period - Icing by Aaron Ekblad.
0:27 of 1st period - Tyler Bozak wins face-off versus Derek Stepan in Avalanche zone.
0:30 of 1st period - Shot by Tyler Bozak.
0:30 of 1st period - Stopped by Antti Raanta without a rebound.
0:31 of 1st period - Aleksander Barkov wins face-off versus Rickard Rakell in Avalanche zone.
0:36 of 1st period - Shot by Aleksander Barkov.
0:36 of 1st period - Shot Misses the Net.
0:38 of 1st period - Shot by Marc-Edouard Vlasic.
0:38 of 1st period - Stopped by Antti Raanta without a rebound.
0:39 of 1st period - Antoine Vermette wins face-off versus Riley Sheahan in Avalanche zone.
0:42 of 1st period - Shot by Antoine Vermette.
0:42 of 1st period - Shot Misses the Net.
1:05 of 1st period - Riley Sheahan is hit by Kyle Quincey.
1:09 of 1st period - Shot by Mats Zuccarello.
1:09 of 1st period - Shot Misses the Net.
1:16 of 1st period - Shot by Riley Sheahan.
1:16 of 1st period - Shot Blocked by Alex Petrovic.
1:18 of 1st period - Shot by Mats Zuccarello.
1:18 of 1st period - Shot Misses the Net.
1:20 of 1st period - Shot by Riley Sheahan.
1:20 of 1st period - Shot Misses the Net.
1:22 of 1st period - Shot by Mats Zuccarello.
1:22 of 1st period - Stopped by Kari Lehtonen without a rebound.
1:23 of 1st period - Aleksander Barkov wins face-off versus Rickard Rakell in Oilers zone.
2:44 of 1st period - Aaron Ekblad is hit by Marc Methot and loses puck.
4:46 of 1st period - Sami Vatanen is hit by Brian Campbell and loses puck.
5:13 of 1st period - Justin Williams is hit by Jakob Silfverberg and loses puck.
5:22 of 1st period - Shot by Tyler Bozak.
5:22 of 1st period - Stopped by Antti Raanta with a rebound.
5:24 of 1st period - Shot by Marc-Edouard Vlasic.
5:24 of 1st period - Stopped by Antti Raanta without a rebound.
5:25 of 1st period - Aleksander Barkov wins face-off versus Chris Tierney in Avalanche zone.
5:25 of 1st period - Marco Scandella is hit by Kevin Shattenkirk and loses puck.
5:38 of 1st period - Shot by Aleksander Barkov.
5:38 of 1st period - Shot Misses the Net.
5:46 of 1st period - Shot by Aleksander Barkov.
5:46 of 1st period - Goal by Aleksander Barkov - Avalanche : 0 - Oilers : 1.
5:47 of 1st period - Derek Stepan wins face-off versus Ryan Kesler in neutral zone.
5:51 of 1st period - Derek Stepan is hit by Kyle Quincey and loses puck.
6:15 of 1st period - Shot by Mikkel Boedker.
6:15 of 1st period - Stopped by Antti Raanta without a rebound.
6:16 of 1st period - Rickard Rakell wins face-off versus Tyler Bozak in Avalanche zone.
6:49 of 1st period - Shot by Tyler Bozak.
6:49 of 1st period - Goal by Tyler Bozak - Avalanche : 0 - Oilers : 2.
6:50 of 1st period - Aleksander Barkov wins face-off versus Derek Stepan in neutral zone.
7:04 of 1st period - Aleksander Barkov is hit by Sami Vatanen and loses puck.
7:19 of 1st period - Shot by Marcus Johansson.
7:19 of 1st period - Stopped by Kari Lehtonen without a rebound.
7:20 of 1st period - Ryan Kesler wins face-off versus Riley Sheahan in Oilers zone.
7:38 of 1st period - Riley Sheahan is hit by Brian Campbell and loses puck.
7:58 of 1st period - Riley Sheahan is hit by Brian Campbell and loses puck.
8:18 of 1st period - Derek Stepan is hit by Marc-Edouard Vlasic and loses puck.
8:45 of 1st period - Jason Zucker is hit by Brian Campbell and loses puck.
8:57 of 1st period - Minor Penalty to Rickard Rakell for Holding.
8:58 of 1st period - Chris Tierney wins face-off versus Tyler Bozak in Avalanche zone.
10:22 of 1st period - Icing by Kyle Quincey.
10:23 of 1st period - Aleksander Barkov wins face-off versus Chris Tierney in Oilers zone.
10:38 of 1st period - Shot by Kyle Quincey.
10:38 of 1st period - Stopped by Antti Raanta without a rebound.
10:39 of 1st period - Tyler Bozak wins face-off versus Elias Lindholm in Avalanche zone.
11:10 of 1st period - Shot by Jason Zucker.
11:10 of 1st period - Shot Blocked by Brian Campbell.
11:20 of 1st period - Shot by Derek Stepan.
11:20 of 1st period - Deflect By Marcus Johansson.
11:20 of 1st period - Stopped by Kari Lehtonen with a rebound.
12:03 of 1st period - Shot by Rickard Rakell.
12:03 of 1st period - Stopped by Kari Lehtonen without a rebound.
12:04 of 1st period - Tyler Bozak wins face-off versus Riley Sheahan in Oilers zone.
12:22 of 1st period - Icing by Justin Williams.
12:23 of 1st period - Rickard Rakell wins face-off versus Tyler Bozak in Oilers zone.
12:28 of 1st period - Shot by Jakob Silfverberg.
12:28 of 1st period - Shot Misses the Net.
12:30 of 1st period - Shot by Gustav Nyquist.
12:30 of 1st period - Deflect By Jakob Silfverberg.
12:30 of 1st period - Goal by Jakob Silfverberg - Avalanche : 1 - Oilers : 2.
12:31 of 1st period - Bo Horvat wins face-off versus Rickard Rakell in neutral zone.
12:33 of 1st period - Off-side.
12:34 of 1st period - Rickard Rakell wins face-off versus Tyler Bozak in neutral zone.
12:36 of 1st period - Off-side.
12:37 of 1st period - Tyler Bozak wins face-off versus Rickard Rakell in neutral zone.
12:41 of 1st period - Minor Penalty to Tyson Barrie for Hooking.
12:42 of 1st period - Chris Tierney wins face-off versus Gabriel Landeskog in Avalanche zone.
12:42 of 1st period - Chris Tierney is hit by Ryan Kesler.
13:19 of 1st period - Shot by Marc-Edouard Vlasic.
13:19 of 1st period - Stopped by Antti Raanta without a rebound.
13:20 of 1st period - Jakob Silfverberg wins face-off versus Tyler Bozak in Avalanche zone.
14:29 of 1st period - Shot by Gabriel Landeskog.
14:29 of 1st period - Stopped by Antti Raanta without a rebound.
14:30 of 1st period - Chris Tierney wins face-off versus Ryan Kesler in Avalanche zone.
14:49 of 1st period - Shot by Aleksander Barkov.
14:49 of 1st period - Shot Misses the Net.
15:26 of 1st period - Marcus Johansson is hit by Scottie Upshall.
15:35 of 1st period - Icing by Alex Petrovic.
15:36 of 1st period - Rickard Rakell wins face-off versus Aleksander Barkov in Oilers zone.
15:43 of 1st period - Shot by Gustav Nyquist.
15:43 of 1st period - Stopped by Kari Lehtonen with a rebound.
16:13 of 1st period - Shot by Jakob Silfverberg.
16:13 of 1st period - Deflect By Gustav Nyquist.
16:13 of 1st period - Shot Blocked by Alex Petrovic.
16:20 of 1st period - Icing by Kyle Quincey.
16:21 of 1st period - Aleksander Barkov wins face-off versus Riley Sheahan in Oilers zone.
16:21 of 1st period - Aleksander Barkov is hit by Mats Zuccarello.
17:03 of 1st period - Shot by Mats Zuccarello.
17:03 of 1st period - Shot Misses the Net.
17:19 of 1st period - Shot by Chris Tierney.
17:19 of 1st period - Stopped by Kari Lehtonen without a rebound.
17:20 of 1st period - Derek Stepan wins face-off versus Ryan Kesler in Oilers zone.
17:51 of 1st period - Shot by Derek Stepan.
17:51 of 1st period - Stopped by Kari Lehtonen without a rebound.
17:52 of 1st period - Rickard Rakell wins face-off versus Bo Horvat in Oilers zone.
17:53 of 1st period - Shot by Gustav Nyquist.
17:53 of 1st period - Stopped by Kari Lehtonen without a rebound.
17:54 of 1st period - Rickard Rakell wins face-off versus Bo Horvat in Oilers zone.
18:15 of 1st period - Shot by Jakob Silfverberg.
18:15 of 1st period - Stopped by Kari Lehtonen without a rebound.
18:16 of 1st period - Tyler Bozak wins face-off versus Riley Sheahan in Oilers zone.
18:25 of 1st period - Icing by Riley Sheahan.
18:26 of 1st period - Ryan Kesler wins face-off versus Riley Sheahan in Avalanche zone.
18:35 of 1st period - Shot by Mikkel Boedker.
18:35 of 1st period - Shot Blocked by Brayden McNabb.
18:37 of 1st period - Shot by Marc Methot.
18:37 of 1st period - Shot Misses the Net.
19:05 of 1st period - Brayden McNabb is hit by Marco Scandella and loses puck.
19:35 of 1st period - Jakob Silfverberg is hit by Antoine Vermette and loses puck.
19:56 of 1st period - Shot by Rickard Rakell.
19:56 of 1st period - Shot Misses the Net.
Goals for this period are 1 for Avalanche vs 2 for Oilers.
Shots for this period are 10 for Avalanche vs 10 for Oilers.

2nd period


0:01 of 2nd period - Chris Tierney wins face-off versus Tyler Bozak in neutral zone.
0:10 of 2nd period - Shot by Tyson Barrie.
0:10 of 2nd period - Shot Blocked by Marc Methot.
0:12 of 2nd period - Shot by Tyson Barrie.
0:12 of 2nd period - Shot Blocked by Marc Methot.
0:30 of 2nd period - Shot by Chris Tierney.
0:30 of 2nd period - Shot Blocked by Justin Williams.
0:32 of 2nd period - Shot by Chris Tierney.
0:32 of 2nd period - Stopped by Kari Lehtonen without a rebound.
0:33 of 2nd period - Ryan Kesler wins face-off versus Derek Stepan in Oilers zone.
1:16 of 2nd period - Shot by Ryan Kesler.
1:16 of 2nd period - Stopped by Antti Raanta without a rebound.
1:17 of 2nd period - Rickard Rakell wins face-off versus Tyler Bozak in Avalanche zone.
1:22 of 2nd period - Shot by Gustav Nyquist.
1:22 of 2nd period - Stopped by Kari Lehtonen without a rebound.
1:23 of 2nd period - Rickard Rakell wins face-off versus Tyler Bozak in Oilers zone.
2:09 of 2nd period - Icing by Jakob Silfverberg.
2:10 of 2nd period - Ryan Kesler wins face-off versus Rickard Rakell in Avalanche zone.
2:34 of 2nd period - Icing by Ryan Kesler.
2:35 of 2nd period - Chris Tierney wins face-off versus Ryan Kesler in Oilers zone.
2:48 of 2nd period - Brian Campbell is hit by Elias Lindholm and loses puck.
4:25 of 2nd period - Shot by Derek Stepan.
4:25 of 2nd period - Shot Misses the Net.
5:10 of 2nd period - Icing by Kyle Quincey.
5:11 of 2nd period - Rickard Rakell wins face-off versus Scottie Upshall in Oilers zone.
5:14 of 2nd period - Shot by Aaron Ekblad.
5:14 of 2nd period - Stopped by Kari Lehtonen with a rebound.
5:37 of 2nd period - Shot by Gustav Nyquist.
5:37 of 2nd period - Shot Misses the Net.
6:16 of 2nd period - Gabriel Landeskog is hit by Nikita Nesterov and loses puck.
6:48 of 2nd period - Icing by Gabriel Landeskog.
6:49 of 2nd period - Joffrey Lupul wins face-off versus Ryan Kesler in Oilers zone.
7:30 of 2nd period - Shot by Riley Sheahan.
7:30 of 2nd period - Shot Misses the Net.
7:46 of 2nd period - Icing by Marc-Edouard Vlasic.
7:47 of 2nd period - Ryan Kesler wins face-off versus Derek Stepan in Oilers zone.
8:09 of 2nd period - Double Minor Penalty to Marc Methot for Roughing.
8:10 of 2nd period - Antoine Vermette wins face-off versus Rickard Rakell in Oilers zone.
8:29 of 2nd period - Shot by Gustav Nyquist.
8:29 of 2nd period - Shot Misses the Net.
8:31 of 2nd period - Shot by Aaron Ekblad.
8:31 of 2nd period - Shot Blocked by Alex Petrovic.
8:33 of 2nd period - Shot by Gustav Nyquist.
8:33 of 2nd period - Stopped by Kari Lehtonen without a rebound.
8:34 of 2nd period - Derek Stepan wins face-off versus Drew Miller in Oilers zone.
8:43 of 2nd period - Shot by Sami Vatanen.
8:43 of 2nd period - Stopped by Kari Lehtonen without a rebound.
8:44 of 2nd period - Derek Stepan wins face-off versus Antoine Vermette in Oilers zone.
9:01 of 2nd period - Shot by Marcus Johansson.
9:01 of 2nd period - Shot Blocked by Marc-Edouard Vlasic.
9:03 of 2nd period - Shot by Tyson Barrie.
9:03 of 2nd period - Stopped by Kari Lehtonen with a rebound.
9:07 of 2nd period - Shot by Sami Vatanen.
9:07 of 2nd period - Shot Misses the Net.
9:09 of 2nd period - Shot by Tyson Barrie.
9:09 of 2nd period - Stopped by Kari Lehtonen without a rebound.
9:10 of 2nd period - Antoine Vermette wins face-off versus Rickard Rakell in Oilers zone.
9:10 of 2nd period - Antoine Vermette is hit by Mats Zuccarello.
9:42 of 2nd period - Shot by Gustav Nyquist.
9:42 of 2nd period - Shot Misses the Net.
9:54 of 2nd period - Shot by Kevin Shattenkirk.
9:54 of 2nd period - Stopped by Kari Lehtonen with a rebound.
10:04 of 2nd period - Shot by Derek Stepan.
10:04 of 2nd period - Deflect By Marcus Johansson.
10:04 of 2nd period - Shot Misses the Net.
10:18 of 2nd period - Shot by Marcus Johansson.
10:18 of 2nd period - Stopped by Kari Lehtonen without a rebound.
10:19 of 2nd period - Antoine Vermette wins face-off versus Marcus Johansson in Oilers zone.
10:19 of 2nd period - Alex Petrovic is hit by Jason Zucker and loses puck.
10:38 of 2nd period - Shot by Drew Miller.
10:38 of 2nd period - Stopped by Antti Raanta without a rebound.
10:39 of 2nd period - Rickard Rakell wins face-off versus Antoine Vermette in Avalanche zone.
10:39 of 2nd period - Rickard Rakell is hit by Drew Miller.
10:59 of 2nd period - Shot by Kevin Shattenkirk.
10:59 of 2nd period - Stopped by Kari Lehtonen without a rebound.
11:00 of 2nd period - Tyler Bozak wins face-off versus Derek Stepan in Oilers zone.
11:23 of 2nd period - Icing by Derek Stepan.
11:24 of 2nd period - Antoine Vermette wins face-off versus Derek Stepan in Avalanche zone.
11:25 of 2nd period - Shot by Drew Miller.
11:25 of 2nd period - Stopped by Antti Raanta without a rebound.
11:26 of 2nd period - Antoine Vermette wins face-off versus Rickard Rakell in Avalanche zone.
12:07 of 2nd period - Icing by Kevin Shattenkirk.
12:08 of 2nd period - Tyler Bozak wins face-off versus Rickard Rakell in Avalanche zone.
12:51 of 2nd period - Shot by Derek Stepan.
12:51 of 2nd period - Shot Blocked by Marco Scandella.
13:09 of 2nd period - Shot by Elias Lindholm.
13:09 of 2nd period - Shot Blocked by Nail Yakupov.
13:31 of 2nd period - Off-side.
13:32 of 2nd period - Rickard Rakell wins face-off versus Aleksander Barkov in neutral zone.
13:32 of 2nd period - Jakob Silfverberg is hit by Scottie Upshall and loses puck.
13:39 of 2nd period - Shot by Gustav Nyquist.
13:39 of 2nd period - Goal by Gustav Nyquist - Avalanche : 2 - Oilers : 2.
13:40 of 2nd period - Tyler Bozak wins face-off versus Rickard Rakell in neutral zone.
13:52 of 2nd period - Shot by Tyler Bozak.
13:52 of 2nd period - Shot Misses the Net.
13:54 of 2nd period - Shot by Justin Williams.
13:54 of 2nd period - Shot Misses the Net.
14:02 of 2nd period - Shot by Tyler Bozak.
14:02 of 2nd period - Stopped by Antti Raanta without a rebound.
14:03 of 2nd period - Aleksander Barkov wins face-off versus Joffrey Lupul in Avalanche zone.
14:26 of 2nd period - Shot by Riley Sheahan.
14:26 of 2nd period - Shot Blocked by Kyle Quincey.
14:39 of 2nd period - Mats Zuccarello is hit by Alex Petrovic and loses puck.
15:32 of 2nd period - Shot by Derek Stepan.
15:32 of 2nd period - Shot Misses the Net.
15:34 of 2nd period - Shot by Marcus Johansson.
15:34 of 2nd period - Stopped by Kari Lehtonen without a rebound.
15:35 of 2nd period - Ryan Kesler wins face-off versus Rickard Rakell in Oilers zone.
15:42 of 2nd period - Shot by Gabriel Landeskog.
15:42 of 2nd period - Stopped by Antti Raanta without a rebound.
15:43 of 2nd period - Ryan Kesler wins face-off versus Rickard Rakell in Avalanche zone.
15:46 of 2nd period - Shot by Mikkel Boedker.
15:46 of 2nd period - Shot Misses the Net.
15:48 of 2nd period - Shot by Gabriel Landeskog.
15:48 of 2nd period - Stopped by Antti Raanta without a rebound.
15:49 of 2nd period - Rickard Rakell wins face-off versus Ryan Kesler in Avalanche zone.
15:49 of 2nd period - Rickard Rakell is hit by Gabriel Landeskog.
16:14 of 2nd period - Off-side.
16:15 of 2nd period - Tyler Bozak wins face-off versus Riley Sheahan in neutral zone.
16:15 of 2nd period - Tyler Bozak is hit by Joffrey Lupul.
16:29 of 2nd period - Shot by Justin Williams.
16:29 of 2nd period - Shot Misses the Net.
16:31 of 2nd period - Shot by Alex Petrovic.
16:31 of 2nd period - Shot Misses the Net.
16:33 of 2nd period - Shot by Justin Williams.
16:33 of 2nd period - Stopped by Antti Raanta without a rebound.
16:34 of 2nd period - Ryan Kesler wins face-off versus Derek Stepan in Avalanche zone.
16:40 of 2nd period - Off-side.
16:41 of 2nd period - Aleksander Barkov wins face-off versus Rickard Rakell in neutral zone.
17:06 of 2nd period - Shot by Aleksander Barkov.
17:06 of 2nd period - Shot Misses the Net.
18:16 of 2nd period - Ryan Kesler is hit by Jason Zucker and loses puck.
18:27 of 2nd period - Shot by Gabriel Landeskog.
18:27 of 2nd period - Shot Misses the Net.
18:36 of 2nd period - Nikita Nesterov is hit by Alex Petrovic and loses puck.
19:00 of 2nd period - Icing by Kevin Shattenkirk.
19:01 of 2nd period - Bo Horvat wins face-off versus Riley Sheahan in Avalanche zone.
19:15 of 2nd period - Shot by Nail Yakupov.
19:15 of 2nd period - Shot Blocked by Kevin Shattenkirk.
19:46 of 2nd period - Minor Penalty to Alex Petrovic for Hooking.
19:47 of 2nd period - Tyler Bozak wins face-off versus Jason Zucker in Oilers zone.
Goals for this period are 1 for Avalanche vs 0 for Oilers.
Shots for this period are 12 for Avalanche vs 7 for Oilers.

3rd period


0:01 of 3rd period - Derek Stepan wins face-off versus Tyler Bozak in neutral zone.
0:28 of 3rd period - Shot by Derek Stepan.
0:28 of 3rd period - Deflect By Marcus Johansson.
0:28 of 3rd period - Stopped by Kari Lehtonen without a rebound.
0:29 of 3rd period - Rickard Rakell wins face-off versus Antoine Vermette in Oilers zone.
0:29 of 3rd period - Gustav Nyquist is hit by Marc Methot and loses puck.
0:35 of 3rd period - Shot by Mats Zuccarello.
0:35 of 3rd period - Stopped by Kari Lehtonen without a rebound.
0:36 of 3rd period - Tyler Bozak wins face-off versus Rickard Rakell in Oilers zone.
0:51 of 3rd period - Shot by Gustav Nyquist.
0:51 of 3rd period - Stopped by Kari Lehtonen without a rebound.
0:52 of 3rd period - Derek Stepan wins face-off versus Tyler Bozak in Oilers zone.
0:58 of 3rd period - Derek Stepan is hit by Marc-Edouard Vlasic and loses puck.
1:21 of 3rd period - Drew Miller is hit by Jason Zucker and loses puck.
2:58 of 3rd period - Icing by Marco Scandella.
2:59 of 3rd period - Ryan Kesler wins face-off versus Riley Sheahan in Oilers zone.
3:04 of 3rd period - Nikita Nesterov is hit by Ryan Kesler and loses puck.
3:40 of 3rd period - Shot by Ryan Kesler.
3:40 of 3rd period - Goal by Ryan Kesler - Avalanche : 2 - Oilers : 3.
3:41 of 3rd period - Tyler Bozak wins face-off versus Derek Stepan in neutral zone.
5:14 of 3rd period - Shot by Jakob Silfverberg.
5:14 of 3rd period - Deflect By Gustav Nyquist.
5:14 of 3rd period - Stopped by Kari Lehtonen without a rebound.
5:15 of 3rd period - Ryan Kesler wins face-off versus Riley Sheahan in Oilers zone.
5:28 of 3rd period - Kevin Shattenkirk is hit by Marc Methot and loses puck.
5:59 of 3rd period - Gabriel Landeskog is hit by Mats Zuccarello.
6:10 of 3rd period - Icing by Kevin Shattenkirk.
6:11 of 3rd period - Tyler Bozak wins face-off versus Joffrey Lupul in Avalanche zone.
6:29 of 3rd period - Off-side.
6:30 of 3rd period - Derek Stepan wins face-off versus Aleksander Barkov in neutral zone.
6:37 of 3rd period - Drew Miller is hit by Jason Zucker and loses puck.
6:49 of 3rd period - Shot by Aleksander Barkov.
6:49 of 3rd period - Shot Blocked by Tyson Barrie.
6:51 of 3rd period - Shot by Drew Miller.
6:51 of 3rd period - Shot Misses the Net.
6:53 of 3rd period - Shot by Drew Miller.
6:53 of 3rd period - Stopped by Antti Raanta without a rebound.
6:54 of 3rd period - Rickard Rakell wins face-off versus Tyler Bozak in Avalanche zone.
7:19 of 3rd period - Shot by Rickard Rakell.
7:19 of 3rd period - Shot Misses the Net.
7:21 of 3rd period - Shot by Gustav Nyquist.
7:21 of 3rd period - Shot Blocked by Marc-Edouard Vlasic.
7:23 of 3rd period - Shot by Jakob Silfverberg.
7:23 of 3rd period - Stopped by Kari Lehtonen without a rebound.
7:24 of 3rd period - Ryan Kesler wins face-off versus Derek Stepan in Oilers zone.
7:24 of 3rd period - Ryan Kesler is hit by Marcus Johansson.
7:37 of 3rd period - Icing by Aaron Ekblad.
7:38 of 3rd period - Derek Stepan wins face-off versus Aleksander Barkov in Avalanche zone.
7:40 of 3rd period - Minor Penalty to Aaron Ekblad for High sticking.
7:41 of 3rd period - Chris Tierney wins face-off versus Ryan Kesler in Avalanche zone.
7:41 of 3rd period - Chris Tierney is hit by Ryan Kesler.
8:03 of 3rd period - Shot by Marc-Edouard Vlasic.
8:03 of 3rd period - Goal by Marc-Edouard Vlasic - Avalanche : 2 - Oilers : 4.
8:04 of 3rd period - Justin Williams wins face-off versus Derek Stepan in neutral zone.
8:38 of 3rd period - Shot by Tyler Bozak.
8:38 of 3rd period - Stopped by Antti Raanta without a rebound.
8:39 of 3rd period - Ryan Kesler wins face-off versus Rickard Rakell in Avalanche zone.
8:39 of 3rd period - Gabriel Landeskog is hit by Brayden McNabb and loses puck.
8:48 of 3rd period - Shot by Rickard Rakell.
8:48 of 3rd period - Shot Misses the Net.
8:50 of 3rd period - Shot by Sami Vatanen.
8:50 of 3rd period - Shot Misses the Net.
8:52 of 3rd period - Shot by Brayden McNabb.
8:52 of 3rd period - Stopped by Kari Lehtonen without a rebound.
8:53 of 3rd period - Aleksander Barkov wins face-off versus Chris Tierney in Oilers zone.
9:10 of 3rd period - Elias Lindholm is hit by Scottie Upshall and loses puck.
9:27 of 3rd period - Shot by Martin Erat.
9:27 of 3rd period - Shot Misses the Net.
9:42 of 3rd period - Icing by Kyle Quincey.
9:43 of 3rd period - Jakob Silfverberg wins face-off versus Aleksander Barkov in Oilers zone.
9:52 of 3rd period - Shot by Gustav Nyquist.
9:52 of 3rd period - Shot Blocked by Kyle Quincey.
10:01 of 3rd period - Icing by Kyle Quincey.
10:02 of 3rd period - Derek Stepan wins face-off versus Drew Miller in Oilers zone.
10:25 of 3rd period - Shot by Marcus Johansson.
10:25 of 3rd period - Shot Misses the Net.
10:29 of 3rd period - Shot by Jason Zucker.
10:29 of 3rd period - Shot Misses the Net.
11:00 of 3rd period - Alex Petrovic is hit by Aaron Ekblad and loses puck.
11:49 of 3rd period - Shot by Ryan Kesler.
11:49 of 3rd period - Shot Misses the Net.
12:11 of 3rd period - Shot by Justin Williams.
12:11 of 3rd period - Stopped by Antti Raanta without a rebound.
12:12 of 3rd period - Justin Williams wins face-off versus Riley Sheahan in Avalanche zone.
12:21 of 3rd period - Shot by Justin Williams.
12:21 of 3rd period - Shot Misses the Net.
12:30 of 3rd period - Icing by Kevin Shattenkirk.
12:31 of 3rd period - Riley Sheahan wins face-off versus Bo Horvat in Avalanche zone.
13:00 of 3rd period - Shot by Mats Zuccarello.
13:00 of 3rd period - Shot Blocked by Marco Scandella.
13:05 of 3rd period - Marco Scandella is hit by Nikita Nesterov and loses puck.
13:08 of 3rd period - Shot by Nail Yakupov.
13:08 of 3rd period - Shot Misses the Net.
13:30 of 3rd period - Shot by Ryan Kesler.
13:30 of 3rd period - Shot Misses the Net.
13:44 of 3rd period - Shot by Gabriel Landeskog.
13:44 of 3rd period - Stopped by Antti Raanta without a rebound.
13:45 of 3rd period - Tyler Bozak wins face-off versus Derek Stepan in Avalanche zone.
13:50 of 3rd period - Shot by Tyler Bozak.
13:50 of 3rd period - Stopped by Antti Raanta without a rebound.
13:51 of 3rd period - Derek Stepan wins face-off versus Tyler Bozak in Avalanche zone.
14:00 of 3rd period - Shot by Marcus Johansson.
14:00 of 3rd period - Shot Misses the Net.
16:08 of 3rd period - Shot by Aleksander Barkov.
16:08 of 3rd period - Stopped by Antti Raanta without a rebound.
16:09 of 3rd period - Rickard Rakell wins face-off versus Bo Horvat in Avalanche zone.
16:23 of 3rd period - Shot by Nail Yakupov.
16:23 of 3rd period - Stopped by Antti Raanta with a rebound.
16:25 of 3rd period - Shot by Nail Yakupov.
16:25 of 3rd period - Shot Blocked by Sami Vatanen.
16:40 of 3rd period - Shot by Bo Horvat.
16:40 of 3rd period - Stopped by Antti Raanta with a rebound.
16:50 of 3rd period - Shot by Gustav Nyquist.
16:50 of 3rd period - Stopped by Kari Lehtonen without a rebound.
16:51 of 3rd period - Elias Lindholm wins face-off versus Tyler Bozak in Oilers zone.
17:39 of 3rd period - Icing by Tyler Bozak.
17:40 of 3rd period - Riley Sheahan wins face-off versus Tyler Bozak in Oilers zone.
17:52 of 3rd period - Icing by Brian Campbell.
17:53 of 3rd period - Tyler Bozak wins face-off versus Rickard Rakell in Oilers zone.
18:00 of 3rd period - Icing by Marc-Edouard Vlasic.
18:01 of 3rd period - Tyler Bozak wins face-off versus Rickard Rakell in Oilers zone.
18:32 of 3rd period - Shot by Ryan Kesler.
18:32 of 3rd period - Shot Misses the Net.
19:13 of 3rd period - Minor Penalty to Gabriel Landeskog for Roughing.
19:14 of 3rd period - Drew Miller wins face-off versus Derek Stepan in Oilers zone.
19:25 of 3rd period - Brian Campbell is hit by Jason Zucker.
19:34 of 3rd period - Antoine Vermette is hit by Aaron Ekblad.
19:56 of 3rd period - Shot by Jason Zucker.
19:56 of 3rd period - Stopped by Kari Lehtonen without a rebound.
19:57 of 3rd period - Tyler Bozak wins face-off versus Rickard Rakell in Oilers zone.
Goals for this period are 0 for Avalanche vs 2 for Oilers.
Shots for this period are 8 for Avalanche vs 10 for Oilers.